Map: Kairos Junction LE

Players

lllllll - Winner!

  • Race: Protoss Protoss
  • League: Diamond
  • Spawn Location: 11:00

Leeder

  • Race: Zerg Zerg
  • League: Diamond
  • Spawn Location: 5:00

VOD

Have the link to the VOD?

Description

Time

  • Played on: Jan. 16, 2019, 3:58 p.m.
  • Length: 23:01
Show
View Real Time Build Order
Export as new Build Order

lllllll Protoss - Winner!

Build Orders:  

Get SALT Encoding   

  12  0:03  Probe  
  12  0:11  Probe  
  14  0:21  Probe  
  15  0:35  Pylon  
  15  0:53  Probe  
  16  1:01  Probe  
  16  1:09  Nexus, Probe  
  18  1:19  Probe  
  19  1:31  Probe  
  20  1:34  Forge  
  20  1:41  Pylon  
  20  1:43  Probe  
  21  1:55  Probe  
  22  2:06  Nexus  
  22  2:10  Photon Cannon  
  22  2:13  Probe  
  23  2:24  Probe  
  23  2:25  Probe  
  23  2:29  Pylon  
  25  2:33  Probe  
  25  2:35  Probe  
  26  2:41  Probe  
  26  2:43  Probe  
  27  2:47  Photon Cannon  
  27  2:50  Probe  
  29  2:52  Probe  
  29  2:57  Gateway  
  31  2:59  Probe  
  31  3:05  Probe  
  33  3:07  Probe  
  33  3:11  Photon Cannon  
  34  3:15  Photon Cannon  
  34  3:18  Probe  
  34  3:20  Probe x2  
  37  3:28  Photon Cannon  
  37  3:32  Probe x2  
  37  3:33  Probe  
  40  3:38  Photon Cannon  
  40  3:44  Probe x2  
  40  3:45  Photon Cannon  
  42  3:49  Photon Cannon  
  42  3:52  Probe  
  43  3:56  Probe, Photon Cannon  
  43  3:59  Pylon  
  44  4:05  Assimilator, Probe x2  
  44  4:07  Assimilator  
  44  4:09  Assimilator  
  46  4:14  Assimilator, Pylon  
  46  4:15  Probe  
  47  4:17  Probe  
  47  4:19  Photon Cannon  
  48  4:24  Photon Cannon  
  48  4:25  Probe  
  48  4:27  Probe  
  50  4:32  Cybernetics Core  
  50  4:33  Pylon  
  50  4:35  Probe  
  50  4:38  Probe  
  52  4:40  Probe  
  53  4:46  Photon Cannon  
  53  4:47  Probe  
  53  4:50  Probe  
  53  4:52  Probe  
  56  4:55  Photon Cannon  
  56  4:59  Probe  
  57  5:02  Probe  
  57  5:03  Assimilator  
  57  5:04  Probe  
  59  5:07  Assimilator  
  59  5:11  Probe, Photon Cannon  
  61  5:14  Probe, Photon Cannon  
  61  5:16  Stargate, Probe  
  61  5:20  Stargate  
  62  5:23  Probe  
  62  5:26  Probe  
  64  5:28  Probe  
  64  5:29  Shield Battery  
  64  5:35  Probe  
  66  5:36  Shield Battery x2  
  66  5:38  Pylon  
  66  5:39  Probe  
  66  5:40  Probe  
  66  5:41  Pylon  
  68  5:44  Stargate  
  68  5:47  Probe  
  68  5:48  Stargate  
  69  6:01  Phoenix  
  69  6:02  Photon Cannon  
  69  6:03  Phoenix, Photon Cannon  
  73  6:06  Photon Cannon  
  73  6:08  Pylon  
  73  6:14  Pylon x2  
  73  6:21  Photon Cannon  
  73  6:24  Photon Cannon  
  73  6:26  Phoenix  
  73  6:27  Shield Battery  
  73  6:29  Phoenix x2  
  79  6:33  Phoenix  
  79  6:38  Fleet Beacon  
  81  6:48  Shield Battery  
  81  6:51  Phoenix  
  81  6:52  Photon Cannon  
  81  6:54  Phoenix, Photon Cannon x2  
  83  6:58  Phoenix  
  83  7:00  Photon Cannon  
  87  7:07  Phoenix  
  89  7:09  Photon Cannon  
  89  7:12  Shield Battery  
  89  7:13  Pylon  
  89  7:16  Phoenix  
  89  7:18  Pylon  
  91  7:23  Phoenix x2  
  91  7:44  Phoenix  
  91  7:45  Phoenix  
  91  7:48  Phoenix  
  97  7:53  Phoenix  
  99  8:03  Photon Cannon  
  99  8:05  Photon Cannon  
  99  8:07  Anion Pulse-Crystals  
  99  8:08  Photon Cannon  
  99  8:09  Phoenix  
  99  8:10  Phoenix  
  103  8:13  Cybernetics Core  
  103  8:15  Protoss Air Weapons Level 1  
  103  8:17  Protoss Shields Level 1  
  103  8:26  Phoenix x2  
  106  8:53  Gateway  
  106  8:56  Gateway  
  106  8:59  Gateway, Phoenix x3  
  106  9:02  Protoss Air Armor Level 1  
  112  9:04  Twilight Council  
  112  9:05  Nexus  
  112  9:07  Robotics Facility  
  112  9:08  Pylon  
  112  9:10  Pylon  
  112  9:22  Forge  
  112  9:24  Stargate  
  112  9:27  Photon Cannon  
  112  9:28  Photon Cannon  
  112  9:30  Photon Cannon  
  112  9:32  Photon Cannon  
  112  9:34  Photon Cannon  
  112  9:36  Gateway  
  112  9:37  Pylon  
  112  9:40  Gateway  
  112  9:44  Photon Cannon, Shield Battery  
  112  9:49  Photon Cannon  
  112  9:52  Pylon  
  112  9:53  Dark Shrine  
  112  9:56  Observer  
  113  10:02  Protoss Ground Weapons Level 1  
  113  10:06  Gateway  
  113  10:08  Gateway  
  113  10:11  Gateway  
  113  10:14  Pylon  
  113  10:17  Probe  
  113  10:18  Probe  
  115  10:29  Probe  
  115  10:30  Probe  
  115  10:31  Photon Cannon  
  115  10:32  Gateway  
  115  10:33  Pylon  
  115  10:35  Probe x2  
  119  10:40  Pylon  
  119  10:42  Probe x2  
  121  10:47  Probe x2  
  121  10:48  Assimilator  
  123  10:50  Assimilator  
  123  10:53  Photon Cannon  
  123  10:54  Probe x2  
  125  10:58  Photon Cannon  
  125  10:59  Probe  
  125  11:00  Photon Cannon  
  125  11:02  Protoss Shields Level 2  
  125  11:03  Protoss Air Weapons Level 2  
  126  11:05  Protoss Air Armor Level 2  
  126  11:07  Probe  
  128  11:11  Probe  
  128  11:15  Photon Cannon  
  128  11:18  Gateway x2  
  128  11:21  Pylon  
  128  11:26  Forge  
  128  11:28  Observer  
  128  11:29  Robotics Bay  
  129  11:42  Tempest  
  129  11:43  Tempest  
  129  11:45  Pylon  
  139  11:47  Nexus  
  139  11:50  Pylon  
  139  11:54  Tempest x2  
  139  11:59  Observer  
  139  12:00  Protoss Ground Weapons Level 2  
  150  12:01  Protoss Ground Armor Level 1  
  150  12:08  Photon Cannon  
  150  12:09  Photon Cannon  
  150  12:11  Photon Cannon  
  150  12:15  Photon Cannon  
  150  12:17  Gateway  
  150  12:21  Photon Cannon  
  150  12:23  Gateway  
  150  12:28  Gravitic Boosters  
  150  12:33  Tempest  
  155  12:38  Gateway, Photon Cannon  
  155  12:45  Shield Battery  
  155  12:49  Shield Battery  
  155  12:56  Photon Cannon  
  155  12:57  Photon Cannon  
  155  12:58  Probe x3  
  157  12:59  Probe x2  
  160  13:08  Tempest  
  160  13:10  Probe x3  
  160  13:11  Probe x2  
  170  13:20  Tempest x2  
  174  13:38  Tempest x2  
  182  13:48  Assimilator  
  182  13:51  Tempest  
  182  13:52  Protoss Shields Level 3  
  182  13:54  Assimilator  
  188  13:56  Observer  
  188  13:57  Protoss Air Weapons Level 3  
  188  13:59  Protoss Air Armor Level 3  
  188  14:03  Tempest  
  193  14:10  Tempest  
  198  14:28  Protoss Ground Weapons Level 3  
  198  14:30  Protoss Ground Armor Level 2  
  198  14:32  Gravitic Drive  
  198  14:35  Nexus  
  198  14:36  Pylon  
  198  14:38  Pylon  
  198  15:05  Photon Cannon  
  198  15:06  Photon Cannon  
  198  15:07  Photon Cannon  
  198  15:08  Photon Cannon  
  198  15:10  Photon Cannon  
  198  15:11  Photon Cannon  
  198  15:13  Photon Cannon  
  198  15:15  Photon Cannon  
  198  15:16  Photon Cannon, Shield Battery  
  198  15:18  Photon Cannon, Shield Battery  
  198  15:23  Assimilator  
  198  15:26  Assimilator  
  198  15:58  Probe x2  
  200  16:14  Gateway  
  200  16:15  Gateway  
  200  16:17  Gateway  
  200  16:20  Gateway  
  200  16:26  Pylon  
  200  16:38  Nexus, Pylon  
  200  16:42  Pylon  
  181  17:10  Protoss Ground Armor Level 3  
  149  17:16  Warp Gate  
  149  17:19  Tempest x5  
  126  17:35  Stargate  
  122  17:37  Stargate  
  122  17:49  Photon Cannon  
  122  17:50  Photon Cannon  
  122  17:51  Photon Cannon  
  122  17:53  Photon Cannon  
  122  17:54  Photon Cannon x2  
  122  17:55  Shield Battery  
  122  17:58  Shield Battery  
  122  17:59  Photon Cannon  
  122  18:02  Gateway x2, Tempest x5  
  122  18:05  Assimilator, Gateway  
  147  18:07  Observer  
  147  18:09  Assimilator  
  148  18:18  Pylon  
  148  18:22  Pylon, Gateway  
  148  18:27  Gateway  
  148  18:28  Gateway  
  148  18:36  Gateway  
  148  18:45  Tempest x2  
  148  18:47  Tempest x5  
  183  18:52  Pylon  
  183  18:55  Probe x3  
  186  18:56  Probe  
  186  18:57  Probe x2  
  189  19:07  Probe x2  
  189  19:08  Probe  
  192  19:28  Phoenix x2  
  192  19:30  Phoenix x3  
  198  19:44  Dark Templar  
  198  19:45  Dark Templar x6  
  173  19:46  Dark Templar x2  
  173  19:47  Dark Templar x3  
  173  19:48  Dark Templar x5  
  173  19:49  Dark Templar x4  
  154  20:04  Phoenix x2  
  154  20:05  Phoenix x3  
  154  20:07  Photon Cannon  
  162  20:09  Photon Cannon  
  162  20:11  Photon Cannon  
  156  20:18  Dark Templar x2  
  156  20:19  Dark Templar x3  
  156  20:20  Dark Templar x2  
  170  20:23  Dark Templar  
  170  20:24  Dark Templar x4  
  170  20:25  Dark Templar x2  
  170  20:26  Dark Templar  
  186  20:37  Phoenix x3  
  186  20:39  Observer  
  186  20:42  Dark Templar x2  
  197  20:47  Dark Templar  
  195  21:14  Photon Cannon  
  185  21:37  Pylon  
  185  21:38  Pylon, Dark Templar x2  
  185  21:39  Dark Templar x5  
  195  21:40  Dark Templar x2  
  195  21:42  Phoenix  
  200  21:47  Nexus  
  200  21:49  Pylon  
  200  21:51  Pylon  
  200  21:53  Assimilator  
  200  21:58  Assimilator  
  198  22:12  Phoenix  
  198  22:13  Phoenix x2  
  196  22:35  Photon Cannon  
  196  22:36  Photon Cannon  
  190  22:37  Observer  
Show
View Real Time Build Order
Export as new Build Order

Leeder Zerg 

Build Orders: Hatch First, Brood Lord Corruptor 

Get SALT Encoding   

  12  0:00  Drone  
  13  0:12  Overlord  
  13  0:17  Drone  
  14  0:30  Drone x2  
  16  0:50  Hatchery  
  16  0:52  Drone  
  16  0:58  Drone  
  16  0:59  Drone  
  18  1:12  Extractor  
  18  1:15  Spawning Pool  
  18  1:18  Drone  
  17  1:22  Drone  
  18  1:28  Drone  
  19  1:38  Overlord  
  19  1:50  Drone  
  21  2:01  Queen, Drone  
  21  2:02  Queen  
  21  2:03  Drone  
  26  2:13  Drone x2  
  28  2:17  Metabolic Boost  
  28  2:22  Drone  
  29  2:25  Drone  
  30  2:32  Overlord  
  30  2:35  Drone  
  31  2:43  Drone  
  32  2:47  Drone  
  33  2:53  Drone  
  33  2:55  Hatchery  
  33  2:56  Drone  
  34  3:02  Roach Warren  
  34  3:04  Drone  
  34  3:07  Drone  
  34  3:12  Drone x2  
  37  3:13  Drone x4  
  37  3:16  Extractor  
  37  3:18  Extractor, Drone  
  40  3:20  Drone  
  40  3:25  Queen  
  43  3:29  Overlord  
  43  3:39  Drone  
  44  3:47  Overlord x3  
  44  3:49  Drone x2  
  44  3:50  Drone x2  
  48  3:55  Spore Crawler  
  48  3:58  Spore Crawler  
  46  4:03  Drone x2  
  46  4:07  Pneumatized Carapace  
  46  4:08  Drone  
  49  4:10  Queen  
  49  4:14  Drone x4  
  55  4:22  Drone  
  55  4:23  Drone x4  
  60  4:33  Lair  
  60  4:39  Drone x5  
  60  4:42  Extractor  
  60  4:45  Extractor  
  63  4:59  Hatchery  
  62  5:01  Drone x3  
  62  5:02  Drone x2  
  62  5:04  Zergling x2  
  62  5:05  Zergling x12  
  74  5:11  Overlord  
  74  5:30  Overlord x2  
  74  5:31  Drone x8  
  74  5:34  Overlord x2  
  82  5:39  Overseer, Spire x2  
  82  5:40  Overlord, Overseer  
  80  5:47  Zergling x4  
  82  6:28  Spore Crawler x2  
  82  6:29  Spore Crawler  
  82  6:31  Spore Crawler x2  
  82  6:32  Spore Crawler, Drone x6  
  82  6:33  Overlord, Drone x5  
  82  6:34  Overlord x2  
  87  6:57  Mutalisk x10, Infestation Pit  
  87  6:58  Mutalisk  
  108  7:03  Zergling x2  
  108  7:04  Zergling x12  
  115  7:13  Extractor  
  115  7:15  Extractor  
  113  7:16  Spore Crawler  
  113  7:17  Spore Crawler  
  113  7:19  Spore Crawler  
  110  7:29  Corruptor x3  
  110  7:39  Zergling x22  
  112  7:46  Corruptor x2  
  112  7:50  Spore Crawler, Queen  
  115  7:52  Spore Crawler  
  115  7:53  Queen  
  114  8:03  Corruptor  
  114  8:04  Corruptor  
  118  8:08  Extractor  
  117  8:22  Corruptor  
  117  8:23  Corruptor x2  
  123  8:36  Corruptor  
  123  8:37  Corruptor  
  127  8:45  Corruptor  
  127  8:55  Corruptor  
  129  8:58  Overlord x3  
  129  9:03  Hive  
  129  9:05  Zerg Flyer Weapons Level 1  
  129  9:17  Corruptor x3  
  135  9:35  Zerg Flyer Armor Level 1, Hatchery  
  135  9:37  Corruptor  
  135  9:38  Corruptor x2  
  136  9:42  Drone x10  
  150  9:49  Infestor  
  152  10:12  Corruptor x5  
  162  10:26  Infestor x2  
  165  10:35  Overlord x4  
  164  10:36  Overlord  
  163  10:50  Corruptor x5  
  163  10:54  Pathogen Glands  
  173  11:09  Greater Spire  
  173  11:27  Corruptor x5  
  173  11:28  Corruptor  
  173  11:32  Hatchery  
  184  11:38  Hatchery  
  183  11:50  Zerg Flyer Armor Level 2  
  183  11:56  Corruptor  
  185  12:05  Extractor  
  185  12:06  Extractor  
  183  12:25  Brood Lord x5  
  183  12:26  Brood Lord  
  195  12:30  Brood Lord  
  195  12:34  Mutalisk  
  199  12:46  Drone  
  200  12:55  Zerg Flyer Weapons Level 2  
  176  13:48  Corruptor x6  
  176  13:49  Corruptor x2  
  186  14:10  Corruptor x7  
  200  14:31  Baneling Nest  
  199  14:35  Evolution Chamber  
  199  14:36  Evolution Chamber  
  197  14:41  Viper  
  196  14:55  Zerg Flyer Armor Level 3  
  196  15:00  Viper  
  199  15:11  Viper x2  
  199  15:13  Viper  
  191  15:15  Viper, Corruptor x2  
  194  16:01  Corruptor x3  
  200  16:08  Extractor  
  200  16:09  Extractor  
  200  16:11  Zerg Flyer Weapons Level 3  
  198  16:28  Brood Lord  
  197  16:51  Corruptor x2  
  197  16:52  Drone  
  199  16:56  Unknown  
  199  17:00  Corruptor x3  
  185  17:18  Corruptor x6  
  185  17:19  Corruptor x5  
  184  17:38  Brood Lord x5  
  184  17:39  Corruptor  
  194  17:53  Corruptor x2  
  194  17:54  Corruptor  
  198  19:11  Corruptor  
  184  19:47  Corruptor x7  
  184  19:48  Corruptor x6  
  192  20:04  Corruptor  
  192  20:05  Corruptor  
  192  20:16  Extractor  
  192  20:17  Extractor  
  177  21:29  Spine Crawler  
  177  21:30  Spine Crawler x2  
  177  21:31  Spine Crawler x2  
  163  21:34  Spine Crawler, Spore Crawler  
  163  21:37  Corruptor x8  
  174  21:50  Spore Crawler  
  174  21:51  Spine Crawler  
  174  21:53  Spine Crawler, Spore Crawler  
  157  21:54  Spore Crawler  
  157  21:55  Spine Crawler  
  157  21:57  Spine Crawler  
  157  21:58  Spore Crawler  
  149  22:16  Drone  
  149  22:17  Drone x2  
  152  22:43  Spawning Pool  
Tags
 
Add a new tag
Caveats
  • Supply blocks, unpowered buildings, or Contaminate may cause inaccurate times.
  • Supply counts are checked every 10 seconds.